Workbook
Name Adm: '[1]cantidades caseta'!#REF!
Name Imprev: '[1]cantidades caseta'!#REF!
Name IvaSUtl: '[1]cantidades caseta'!#REF!
Name Utilidad: '[1]cantidades caseta'!#REF!

Sheet H1
B7: PROYECTO: MANTENIMIENTO DE LA VÍA QUE CONDUCE DE "LA BODEGA" HACIA LA VEREDA "SABANA RUBIA" DEL MUNICIPIO DE LA PAZ, DEPARTAMENTO DEL CESAR.
B8: ALCALDIA MUNICIPAL DE LA PAZ - CESAR
B9: SECRETARIA DE PLANEACION Y DESARROLLO TERRIRORIAL
A21: CRONOGRAMA DE ACTIVIDADES

Sheet CRONOGRAMA
B1: ='H1'!B7:E7 -> PROYECTO: MANTENIMIENTO DE LA VÍA QUE CONDUCE DE "LA BODEGA" HACIA LA VEREDA "SABANA RUBIA" DEL MUNICIPIO DE LA PAZ, DEPARTAMENTO DEL CESAR.
B2: ALCALDIA MUNICIPAL DE LA PAZ - CESAR
B3: SECRETARIA DE PLANEACION Y DESARROLLO TERRIRORIAL
B4: CONTIENE: CRONOGRAMA DE ACTIVIDADES
A6: ITEM | B6: DESCRIPCION | C6: VR. TOTAL | D6: PERIODO DE TIEMPO
D7: SEMANA 1 | E7: SEMANA 2 | F7: SEMANA 3 | G7: SEMANA 4 | H7: SEMANA 5
A8: item | B8: DESCRIPCION DE OBJETO | C8: Valor Total
A9: ETAPA PRECONTRACTUAL
A10: 1 | B10: =PRESUPUESTO!B9 -> MANTENIMIENTO VIAL
A11: 1.1 | B11: =PRESUPUESTO!B10 -> ROCERÍA Y LIMPIEZA GENERAL DE VEGETACIÓN EN ZONA DE INFLUENCIA VIAL, INCLUYE DESMONTE DE MALEZA, DESTRONQUE, RECOLECCIÓN Y RETIRO DE MATERIAL VEGETAL Y RESIDUOS EXISTENTES. | C11: =PRESUPUESTO!F10+(PRESUPUESTO!F10*30%) -> 18187969 | F11: =C11/2 -> 9093984.6 | G11: =C11/2 -> 9093984.6
A12: 1.2 | B12: =PRESUPUESTO!B11 -> LIMPIEZA MANUAL DE CUNETAS CON ANCHO PROMEDIO DE 50 CM, INCLUYE RETIRO DE SEDIMENTOS Y MATERIAL VEGETAL | C12: =PRESUPUESTO!F11+(PRESUPUESTO!F11*30%) -> 16094337 | F12: =C12/2 -> 8047168.4 | G12: =C12/2 -> 8047168.4 | J12: 3616759
A13: 1.3 | B13: =PRESUPUESTO!B12 -> EXCAVACIÓN PARA LA CONFORMACIÓN MANUAL DE CUNETAS EN TERRENO NATURAL, ANCHO PROMEDIO DE 50 CM, H=40 CM. INCLUYE DESCAPOTE | C13: =PRESUPUESTO!F12+(PRESUPUESTO!F12*30%) -> 14518737 | F13: =C13/2 -> 7259368.4 | G13: =C13/2 -> 7259368.4
A14: SUBTOTAL | C14: =C11+C12+C13 -> 48801043
A15: ETAPA RECIBO Y LIQUIDACIÓN
B17: TOTAL | C17: =C14 -> 48801043 | F17: =F11+F12+F13 -> 24400521 | G17: =G11+G12+G13 -> 24400521
A19: Elaboró:
A24: LEONARDO IVÁN OÑATE LÓPEZ
A25: INGENIERO CIVIL
A26: M.P 20202-36795656 CES
A27: C.C 1.067.815.106
D53: EQUI | H53: TRANS
D54: 5 | H54: 5 | I54: =SUM(D54:H54) -> 10
D55: =#REF!*D54% -> #REF! | H55: =#REF!*H54% -> #REF!
D56: =D55*30%+D55 -> #REF! | H56: =H55*30%+H55 -> #REF!
D58: EQUI | H58: TRANS
D59: 5 | H59: 5 | I59: =SUM(D59:H59) -> 10
D60: =#REF!*D59% -> #REF! | H60: =#REF!*H59% -> #REF!
D61: =D60*30%+D60 -> #REF! | H61: =H60*30%+H60 -> #REF!
D63: EQUI | H63: TRANS
D64: 5 | H64: 5 | I64: =SUM(D64:H64) -> 10
D65: =#REF!*D64% -> #REF! | H65: =#REF!*H64% -> #REF!
D66: =D65*30%+D65 -> #REF! | H66: =H65*30%+H65 -> #REF!
D68: EQUI | H68: TRANS
D69: 5 | H69: 5 | I69: =SUM(D69:H69) -> 10
D70: =#REF!*D69% -> #REF! | H70: =#REF!*H69% -> #REF!
D71: =D70*30%+D70 -> #REF! | H71: =H70*30%+H70 -> #REF!

Sheet H2
B7: =+CRONOGRAMA!B1 -> PROYECTO: MANTENIMIENTO DE LA VÍA QUE CONDUCE DE "LA BODEGA" HACIA LA VEREDA "SABANA RUBIA" DEL MUNICIPIO DE LA PAZ, DEPARTAMENTO DEL CESAR.
B8: ALCALDIA MUNICIPAL DE LA PAZ - CESAR
B9: SECRETARIA DE PLANEACION Y DESARROLLO TERRIRORIAL
A21: PRESUPUESTO OFICIAL

Sheet PRESUPUESTO
B1: =CRONOGRAMA!B1 -> PROYECTO: MANTENIMIENTO DE LA VÍA QUE CONDUCE DE "LA BODEGA" HACIA LA VEREDA "SABANA RUBIA" DEL MUNICIPIO DE LA PAZ, DEPARTAMENTO DEL CESAR.
B2: ALCALDIA MUNICIPAL DE LA PAZ - CESAR
B3: SECRETARIA DE PLANEACION Y DESARROLLO TERRIRORIAL
B4: CONTIENE: PRESUPUESTO OFICIAL
A8: ITEMS | B8: DESCRIPCIÓN | C8: UNIDAD | D8: CANTIDAD | E8: VR. UNITARIO | F8: VR. PARCIAL
A9: 1 | B9: MANTENIMIENTO VIAL | F9: =SUM(F10:F12) -> 37539264
A10: 1.1 | B10: ROCERÍA Y LIMPIEZA GENERAL DE VEGETACIÓN EN ZONA DE INFLUENCIA VIAL, INCLUYE DESMONTE DE MALEZA, DESTRONQUE, RECOLECCIÓN Y RETIRO DE MATERIAL VEGETAL Y RESIDUOS EXISTENTES. | C10: M2 | D10: =CANTIDADES!H9 -> 9280 | E10: ='APU '!F34 -> 1507.6234 | F10: =D10*E10 -> 13990746
A11: 1.2 | B11: LIMPIEZA MANUAL DE CUNETAS CON ANCHO PROMEDIO DE 50 CM, INCLUYE RETIRO DE SEDIMENTOS Y MATERIAL VEGETAL | C11: ML | D11: =CANTIDADES!H10 -> 3000 | E11: ='APU '!F63 -> 4126.753 | F11: =D11*E11 -> 12380259
A12: 1.3 | B12: EXCAVACIÓN PARA LA CONFORMACIÓN MANUAL DE CUNETAS EN TERRENO NATURAL, ANCHO PROMEDIO DE 50 CM, H=40 CM. INCLUYE DESCAPOTE | C12: ML | D12: =CANTIDADES!H11 -> 900 | E12: ='APU '!F91 -> 12409.177 | F12: =D12*E12 -> 11168259
C13: SUBTOTAL COSTOS DIRECTOS | F13: =+F9 -> 37539264
C14: COSTOS ADMINISTRACIÓN | E14: 0.25 | F14: =F13*E14 -> 9384815.9
C15: COSTOS IMPREVISTOS | E15: 0.01 | F15: =F13*E15 -> 375392.64
C16: COSTOS UTILIDAD | E16: 0.04 | F16: =F13*E16 -> 1501570.6
C17: SUBTOTAL COSTOS INDIRECTOS | F17: =F14+F15+F16 -> 11261779
C19: TOTAL | F19: =F13+F17 -> 48801043
A24: Elaboró:
A29: LEONARDO IVÁN OÑATE LÓPEZ
A30: INGENIERO CIVIL
A31: M.P 20202-36795656 CES
A32: C.C 1.067.815.106

Sheet AIU
C1: ALCALDIA MUNICIPAL DE LA PAZ CESAR
C2: =PRESUPUESTO!B1 -> PROYECTO: MANTENIMIENTO DE LA VÍA QUE CONDUCE DE "LA BODEGA" HACIA LA VEREDA "SABANA RUBIA" DEL MUNICIPIO DE LA PAZ, DEPARTAMENTO DEL CESAR.
C4: CALCULO DEL A.I.U
A6: TOTAL COSTOS DIRECTOS | F6: =PRESUPUESTO!F13 -> 37539264
A9: Administración | D9: 0.105 | F9: =ROUND((F6*D9),2) -> 3941622.7
A10: Imprevistos | D10: 0.01 | F10: =ROUND((F6*D10),2) -> 375392.64
A11: Utilidad | D11: 0 | F11: =ROUND((F6*D11),2) -> 0
A13: SUB TOTAL PROYECTO DE OBRA | F13: =SUM(F6:F12) -> 41856279 | L13: =+F6+L44 -> 41856279
A16: 1. GASTOS ADMINISTRATIVOS
A18: ITEM | B18: DESCRIPCION | C18: UNIDAD | D18: CANTIDAD | E18: % DE PARTICIPACIÓN | F18: VALOR UNITARIO ($) | G18: FACTOR % PRESTACIONAL | H18: VALOR CON PRESTACIONES ($) | I18: MESES | J18: VALOR TOTAL ($)
A19: 1. PERSONAL DE OBRA (incluye prestaciones sociales)
A20: 1.1 | B20: Inspector de Obra (Tecnico en Obras Civiles) | C20: mes | D20: 1 | E20: 0.82 | F20: 3150000 | G20: ='[2]FACTOR PRESTACIONAL'!K37 -> 71.102 | H20: =F20+(F20*G20%) -> 5389713 | I20: 0.5 | J20: =H20*I20*D20*E20 -> 2209782.3
A22: 2. COSTOS ADMINISTRATIVOS
A23: CANTIDAD | B23: DESCRIPCION | C23: UNIDAD | D23: CANTIDAD | E23: VALOR UNITARIO | F23: VALOR TOTAL
A24: 1 | B24: EQUIPOS DE COMPUTO E IMPRESORAS | C24: UNIDAD | D24: 1 | E24: 94835.409 | F24: =D24*E24 -> 94835.409
B25: PAPELERIA | C25: UNIDAD | D25: 1 | E25: 134120.53 | F25: =D25*E25 -> 134120.53
A26: A) - SUB - TOTAL GASTOS DE PERSONAL Y ADMINISTRATIVOS | F26: =J20+F24+F25 -> 2438738.3 | L26: =+F9 -> 3941622.7
A28: GASTOS DE LEGALIZACION Y POLIZAS
A29: ITEM | B29: DESCRIPCION | C29: PORCENTAJE | D29: VALOR TOTAL | L29: =+F26-L40 -> -3.8337608e+08
A30: 2 | B30: POLIZAS | C30: 0.009 | D30: =+$F$13*C30 -> 376706.51
A32: B) - SUB - TOTAL GASTOS DE LEGALIZACION Y POLIZAS | F32: =+D30 -> 376706.51 | L32: =+F10 -> 375392.64
A34: GASTOS DE IMPUESTOS MUNICIPALES
A35: ITEM | B35: DESCRIPCION | C35: PORCENTAJE | D35: VALOR TOTAL
A36: 3 | B36: IMPUSTOS MUNICIPALES | C36: 0.175 | D36: =+$F$6*C36 -> 6569371.2
L37: =+F11 -> 0
A38: C) - SUB - TOTAL GASTOS DE IMPUESTOS MUNICIPALES | F38: =SUM(D36:D36) -> 6569371.2
A40: TOTAL ADMINISTRACION (A+B+C) | D40: 0.105 | F40: =F26+F32+F38 -> 9384815.9 | L40: =+'[3]PRESUPUESTO GENERAL '!G59 -> 385814820
L41: =+F40-L40 -> -3.7643e+08
A42: IMPREVISTOS | D42: 0.01 | F42: =+ROUND((D42*F6),2) -> 375392.64
A44: UTILIDAD | D44: 0 | F44: =+ROUND((D44*F6),2) -> 0 | L44: =+L26+L32+L37 -> 4317015.3
A46: TOTAL ADMINISTRACION + IMPREVISTOS + UTILIDAD | D46: =+D44+D42+D40 -> 0.115 | F46: =+F44+F42+F40 -> 9760208.6
A51: Elaboró:
A56: LEONARDO IVÁN OÑATE LÓPEZ
A57: INGENIERO CIVIL
A58: M.P 20202-36795656 CES
A59: C.C 1.067.815.106

Sheet H3
B7: =AIU!C2 -> PROYECTO: MANTENIMIENTO DE LA VÍA QUE CONDUCE DE "LA BODEGA" HACIA LA VEREDA "SABANA RUBIA" DEL MUNICIPIO DE LA PAZ, DEPARTAMENTO DEL CESAR.
B8: ALCALDIA MUNICIPAL DE LA PAZ - CESAR
B9: SECRETARIA DE PLANEACION Y DESARROLLO TERRIRORIAL
A21: ANALISIS DE PRECIOS UNITARIOS 2026

Sheet APU 
B1: =CRONOGRAMA!B1 -> PROYECTO: MANTENIMIENTO DE LA VÍA QUE CONDUCE DE "LA BODEGA" HACIA LA VEREDA "SABANA RUBIA" DEL MUNICIPIO DE LA PAZ, DEPARTAMENTO DEL CESAR.
B2: ALCALDIA MUNICIPAL DE LA PAZ - CESAR
B3: SECRETARIA DE PLANEACION Y DESARROLLO TERRIRORIAL
B4: CONTIENE: ANALISIS DE PRECIOS UNITARIOS 2026
A6: =PRESUPUESTO!B10 -> ROCERÍA Y LIMPIEZA GENERAL DE VEGETACIÓN EN ZONA DE INFLUENCIA VIAL, INCLUYE DESMONTE DE MALEZA, DESTRONQUE, RECOLECCIÓN Y RETIRO DE MATERIAL VEGETAL Y RESIDUOS EXISTENTES. | E6: UNIDAD: | F6: =PRESUPUESTO!C10 -> M2
A8: I. EQUIPO
A9: Descripción | C9: Tipo | D9: Tarifa/Hora | E9: Rendimiento | F9: Valor-Unit.
A10: Guadañadora - Desbrozadora | C10: hora | D10: 8200 | E10: 0.019 | F10: =D10*E10 -> 155.8
A11: Motosierra, 93.6 cm3 - 7.1 HP, 45-90 cm - 7.9 kg | C11: hora | D11: 11766 | E11: 0.009 | F11: =D11*E11 -> 105.894
A12: Herramientas menores (machetes, palas, rastrillos) | C12: % | D12: =F32 -> 1025.1742 | E12: 0.03 | F12: =D12*E12 -> 30.755226
E14: Sub-Total | F14: =+SUM(F10:F13) -> 292.44923
A15: II. MATERIALES EN OBRA
A16: Descripción | C16: Unidad | D16: Precio-Unit. | E16: Cantidad | F16: Valor-Unit.
A17: Bolsas/costales y ataduras | C17: lote | D17: 10000 | E17: 0.01 | F17: =D17*E17 -> 100
E20: Sub-Total | F20: =+SUM(F17:F19) -> 100
A21: III. TRANSPORTES
A22: Material | C22: Unidad | D22: Precio-Unit. | E22: Cantidad | F22: Valor-Unit.
A23: Cmioneta 4x4. Incluye todo lo necesario para prestar el servicio de trasporte | C23: dia | D23: 300000 | E23: 0.0003 | F23: =D23*E23 -> 90
E26: Sub-Total | F26: =+SUM(F23:F25) -> 90
A27: IV. MANO DE OBRA
A28: Trabajador | B28: Jornal | C28: Prestaciones | D28: Jornal Total | E28: Rendimiento | F28: Valor-Unit.
A29: ='MANO DE OBRA'!C29 -> Ayudante A | B29: ='MANO DE OBRA'!F29 -> 99861.116 | C29: 0.711 | D29: =B29+B29*C29 -> 170862.37 | E29: 0.006 | F29: =D29*E29 -> 1025.1742
E32: Sub-Total | F32: =+SUM(F29:F31) -> 1025.1742
C34: Total Costo Directo | F34: =F14+F20+F26+F32 -> 1507.6234
A36: =PRESUPUESTO!B11 -> LIMPIEZA MANUAL DE CUNETAS CON ANCHO PROMEDIO DE 50 CM, INCLUYE RETIRO DE SEDIMENTOS Y MATERIAL VEGETAL | E36: UNIDAD: | F36: =PRESUPUESTO!C11 -> ML
A38: I. EQUIPO
A39: Descripción | C39: Tipo | D39: Tarifa/Hora | E39: Rendimiento | F39: Valor-Unit.
A40: Carretilla | C40: hora | D40: 1300 | E40: 0.07 | F40: =D40*E40 -> 91
A41: Herramientas menores (machetes, palas, rastrillos) | C41: % | D41: =F61 -> 3588.1098 | E41: 0.03 | F41: =D41*E41 -> 107.64329
E43: Sub-Total | F43: =+SUM(F40:F42) -> 198.64329
A44: II. MATERIALES EN OBRA
A45: Descripción | C45: Unidad | D45: Precio-Unit. | E45: Cantidad | F45: Valor-Unit.
A46: Bolsas/costales y ataduras | C46: lote | D46: 10000 | E46: 0.01 | F46: =D46*E46 -> 100
E49: Sub-Total | F49: =+SUM(F46:F48) -> 100
A50: III. TRANSPORTES
A51: Material | C51: Unidad | D51: Precio-Unit. | E51: Cantidad | F51: Valor-Unit.
A52: Cmioneta 4x4. Incluye todo lo necesario para prestar el servicio de trasporte | C52: dia | D52: 300000 | E52: 0.0008 | F52: =D52*E52 -> 240
E55: Sub-Total | F55: =+SUM(F52:F54) -> 240
A56: IV. MANO DE OBRA
A57: Trabajador | B57: Jornal | C57: Prestaciones | D57: Jornal Total | E57: Rendimiento | F57: Valor-Unit.
A58: ='MANO DE OBRA'!C29 -> Ayudante A | B58: ='MANO DE OBRA'!F29 -> 99861.116 | C58: 0.711 | D58: =B58+B58*C58 -> 170862.37 | E58: 0.021 | F58: =D58*E58 -> 3588.1098
E61: Sub-Total | F61: =+SUM(F58:F60) -> 3588.1098
C63: Total Costo Directo | F63: =F43+F49+F55+F61 -> 4126.753
A65: =PRESUPUESTO!B12 -> EXCAVACIÓN PARA LA CONFORMACIÓN MANUAL DE CUNETAS EN TERRENO NATURAL, ANCHO PROMEDIO DE 50 CM, H=40 CM. INCLUYE DESCAPOTE | E65: UNIDAD: | F65: =PRESUPUESTO!C12 -> ML
A67: I. EQUIPO
A68: Descripción | C68: Tipo | D68: Tarifa/Hora | E68: Rendimiento | F68: Valor-Unit.
A69: Herramientas menores (machetes, palas, rastrillos) | C69: % | D69: =F89 -> 11960.366 | E69: 0.03 | F69: =D69*E69 -> 358.81098
E71: Sub-Total | F71: =+SUM(F69:F70) -> 358.81098
A72: II. MATERIALES EN OBRA
A73: Descripción | C73: Unidad | D73: Precio-Unit. | E73: Cantidad | F73: Valor-Unit.
E77: Sub-Total | F77: =+SUM(F74:F76) -> 0
A78: III. TRANSPORTES
A79: Material | C79: Unidad | D79: Precio-Unit. | E79: Cantidad | F79: Valor-Unit.
A80: Cmioneta 4x4. Incluye todo lo necesario para prestar el servicio de trasporte | C80: dia | D80: 300000 | E80: 0.0003 | F80: =D80*E80 -> 90
E83: Sub-Total | F83: =+SUM(F80:F82) -> 90
A84: IV. MANO DE OBRA
A85: Trabajador | B85: Jornal | C85: Prestaciones | D85: Jornal Total | E85: Rendimiento | F85: Valor-Unit.
A86: ='[4]MANO DE OBRA'!C58 -> Oficial A Instalaciones | B86: ='MANO DE OBRA'!D7 -> 99861.116 | C86: 0.711 | D86: =B86+B86*C86 -> 170862.37 | E86: 0.07 | F86: =D86*E86 -> 11960.366
E89: Sub-Total | F89: =+SUM(F86:F88) -> 11960.366
C91: Total Costo Directo | F91: =F71+F77+F83+F89 -> 12409.177
A95: Elaboró:
A100: LEONARDO IVÁN OÑATE LÓPEZ
A101: INGENIERO CIVIL
A102: M.P 20202-36795656 CES
A103: C.C 1.067.815.106

Sheet H4
B7: =+'APU '!B1:E1 -> PROYECTO: MANTENIMIENTO DE LA VÍA QUE CONDUCE DE "LA BODEGA" HACIA LA VEREDA "SABANA RUBIA" DEL MUNICIPIO DE LA PAZ, DEPARTAMENTO DEL CESAR.
B8: ALCALDIA MUNICIPAL DE LA PAZ - CESAR
B9: SECRETARIA DE PLANEACION Y DESARROLLO TERRIRORIAL
A13: CANTIDADES

Sheet CANTIDADES
C1: =CRONOGRAMA!B1 -> PROYECTO: MANTENIMIENTO DE LA VÍA QUE CONDUCE DE "LA BODEGA" HACIA LA VEREDA "SABANA RUBIA" DEL MUNICIPIO DE LA PAZ, DEPARTAMENTO DEL CESAR.
C2: ALCALDIA MUNICIPAL DE LA PAZ - CESAR
C3: SECRETARIA DE PLANEACION Y DESARROLLO TERRIRORIAL
C4: CONTIENE: CANTIDADES
A7: ITEMM | B7: DESCRIPCIÓN | C7: UNIDAD | D7: LONGITUD | E7: ANCHO | F7: ALTO | G7: CANTIDAD | H7: CANTIDAD TOTAL
A8: =PRESUPUESTO!B9 -> MANTENIMIENTO VIAL
A9: 1.1 | B9: =PRESUPUESTO!B10 -> ROCERÍA Y LIMPIEZA GENERAL DE VEGETACIÓN EN ZONA DE INFLUENCIA VIAL, INCLUYE DESMONTE DE MALEZA, DESTRONQUE, RECOLECCIÓN Y RETIRO DE MATERIAL VEGETAL Y RESIDUOS EXISTENTES. | C9: M2 | D9: 2900 | E9: 1.6 | G9: 2 | H9: =(D9*E9)*G9 -> 9280
A10: 1.2 | B10: =PRESUPUESTO!B11 -> LIMPIEZA MANUAL DE CUNETAS CON ANCHO PROMEDIO DE 50 CM, INCLUYE RETIRO DE SEDIMENTOS Y MATERIAL VEGETAL | C10: ML | D10: 1500 | E10: 0.5 | G10: 2 | H10: =D10*G10 -> 3000
A11: 1.3 | B11: =PRESUPUESTO!B12 -> EXCAVACIÓN PARA LA CONFORMACIÓN MANUAL DE CUNETAS EN TERRENO NATURAL, ANCHO PROMEDIO DE 50 CM, H=40 CM. INCLUYE DESCAPOTE | C11: ML | D11: 450 | E11: 0.5 | G11: 2 | H11: =D11*G11 -> 900
B13: Elaboró:
B18: LEONARDO IVÁN OÑATE LÓPEZ
B19: INGENIERO CIVIL
B20: M.P 20202-36795656 CES
B21: C.C 1.067.815.106

Sheet H5
B7: =+CANTIDADES!C1 -> PROYECTO: MANTENIMIENTO DE LA VÍA QUE CONDUCE DE "LA BODEGA" HACIA LA VEREDA "SABANA RUBIA" DEL MUNICIPIO DE LA PAZ, DEPARTAMENTO DEL CESAR.
B8: ALCALDIA MUNICIPAL DE LA PAZ - CESAR
B9: SECRETARIA DE PLANEACION Y DESARROLLO TERRIRORIAL
A21: ANALISIS DE MANO DE OBRA 2026

Sheet MANO DE OBRA
B1: ='APU '!B1:E1 -> PROYECTO: MANTENIMIENTO DE LA VÍA QUE CONDUCE DE "LA BODEGA" HACIA LA VEREDA "SABANA RUBIA" DEL MUNICIPIO DE LA PAZ, DEPARTAMENTO DEL CESAR.
B2: ALCALDIA MUNICIPAL DE LA PAZ, DEPARTAMENTO DEL CESAR
B3: CONTIENE: ANALISIS DE PRECIOS DE CUADRILLAS
C5: FACTOR
A6: 1 AYUDANTE A | B6: SALARIO | C6: ='[5]FACTOR PRESTACIONAL'!K37 -> 71.102 | D6: día
A7: 2026 | B7: 1750905 | C7: =B7*C6% -> 1244928.5 | D7: =(+C7+B7)/30 -> 99861.116
A9: 1 AYUDANTE B | B9: SALARIO | C9: ='[5]FACTOR PRESTACIONAL'!K37 -> 71.102 | D9: día
A10: =+A7 -> 2026 | B10: 249095 | C10: =B10*C9% -> 177111.53 | D10: =(+C10+B10)/30 -> 14206.884
A12: 1 OFICIAL A | B12: SALARIO | C12: ='[5]FACTOR PRESTACIONAL'!K37 -> 71.102 | D12: día
A13: =+A7 -> 2026 | B13: =(B7+B10)+80000 -> 2080000 | C13: =B13*C12% -> 1478921.6 | D13: =(+C13+B13)/30 -> 118630.72
A15: 1 OFICIAL B | C15: ='[5]FACTOR PRESTACIONAL'!K37 -> 71.102 | D15: día
A16: =+A13 -> 2026 | B16: =B13+100000 -> 2180000 | C16: =B16*C15% -> 1550023.6 | D16: =(+C16+B16)/30 -> 124334.12
A19: 1 OPERADOR DE MAQUINA AMARILLA | B19: SALARIO | C19: ='[5]FACTOR PRESTACIONAL'!K37 -> 71.102 | D19: día
A20: =+A16 -> 2026 | B20: 2950000 | C20: =B20*C19% -> 2097509 | D20: =(+C20+B20)/30 -> 168250.3
A23: CALCULO DE CUADRILLAS 2026
A25: Clave | C25: Descripción | D25: Unidad | E25: Cantidad | F25: Precio con | G25: Total
F26: prestaciones
A28: O00050 | C28: Cuadrilla AA (Albañilería) 1Of y 1 Ay | D28: HR
A29: O00001 | C29: Ayudante A | D29: jor | E29: 0.125 | F29: =+$D$7 -> 99861.116 | G29: =+E29*F29 -> 12482.639
A30: O00002 | C30: Oficial A | D30: jor | E30: 0.125 | F30: =+$D$13 -> 118630.72 | G30: =+E30*F30 -> 14828.84
C31: Subtotal | G31: =SUM(G29:G30) -> 27311.479 | I31: =G32/2 -> 9397.8801
A32: O00901 | C32: Factor prestacional de ingreso por hora efectiva / base hora laboral | D32: % | E32: =+(0.7008+0.6756)/2 -> 0.6882 | G32: =+G31*E32 -> 18795.76
C33: Total | G33: =+G31+G32 -> 46107.24
A35: O00051 | C35: Cuadrilla AA 1Of+2Ay (Albañilería) | D35: HR
A36: O00001 | C36: Ayudante A | D36: jor | E36: 0.25 | F36: =+$D$7 -> 99861.116 | G36: =+E36*F36 -> 24965.279
A37: O00002 | C37: Oficial A | D37: jor | E37: 0.125 | F37: =+$D$13 -> 118630.72 | G37: =+E37*F37 -> 14828.84
C38: Subtotal | G38: =SUM(G36:G37) -> 39794.119
A39: O00901 | C39: Factor prestacional de ingreso por hora efectiva / base hora laboral | D39: % | E39: =+((0.7008*2)+0.6756)/3 -> 0.6924 | G39: =+G38*E39 -> 27553.448
C40: Total | G40: =SUM(G38:G39) -> 67347.567
A42: O00050 | C42: Cuadrilla AA (Albañilería) 1 Ay | D42: HR
A43: O00001 | C43: Ayudante A | D43: jor | E43: 0.125 | F43: =+$D$7 -> 99861.116 | G43: =+E43*F43 -> 12482.639
A44: O00002 | C44: Oficial A | D44: jor | E44: 0 | F44: =+$D$13 -> 118630.72 | G44: =+E44*F44 -> 0
C45: Subtotal | G45: =SUM(G43:G44) -> 12482.639
A46: O00901 | C46: Factor prestacional de ingreso por hora efectiva / base hora laboral | D46: % | E46: =0.7008 -> 0.7008 | G46: =+G45*E46 -> 8747.8337
C47: Total | G47: =+G45+G46 -> 21230.473
A49: O00050 | C49: Cuadrilla AA (Albañilería) 1 Oficial | D49: HR
A50: O00001 | C50: Ayudante A | D50: jor | E50: 0 | F50: =+$D$7 -> 99861.116 | G50: =+E50*F50 -> 0
A51: O00002 | C51: Oficial A | D51: jor | E51: 0.125 | F51: =+$D$13 -> 118630.72 | G51: =+E51*F51 -> 14828.84
C52: Subtotal | G52: =SUM(G50:G51) -> 14828.84
A53: O00901 | C53: Factor prestacional de ingreso por hora efectiva / base hora laboral | D53: % | E53: =0.6756 -> 0.6756 | G53: =+G52*E53 -> 10018.364
C54: Total | G54: =+G52+G53 -> 24847.204
A56: O00052 | C56: Cuadrilla BB (Instalaciones) 1 Of y 1 Ay | D56: HR | E56: 0.1
A57: O00004 | C57: Ayudante A Instalaciones | D57: jor | E57: 0.125 | F57: =+($D$7*E56)+$D$7 -> 109847.23 | G57: =+E57*F57 -> 13730.903
A58: O00005 | C58: Oficial A Instalaciones | D58: jor | E58: 0.125 | F58: =+($D$13*E56)+$D$13 -> 130493.79 | G58: =+E58*F58 -> 16311.724
C59: Subtotal | G59: =SUM(G57:G58) -> 30042.627
A60: O00901 | C60: Factor prestacional de ingreso por hora efectiva / base hora laboral | D60: % | E60: =+(0.7008+0.6756)/2 -> 0.6882 | G60: =+G59*E60 -> 20675.336
C61: Total | G61: =+G59+G60 -> 50717.964
A63: O00053 | C63: Cuadrilla CC (Pintura) 1 Of Y 3 Ay | D63: HR | E63: 0.15
A64: O00006 | C64: Ayudantes A Pinturas | D64: jor | E64: =0.125*3 -> 0.375 | F64: =+($D$7*E63)+$D$7 -> 114840.28 | G64: =+E64*F64 -> 43065.106
A65: O00007 | C65: Oficial A Pinturas | D65: jor | E65: 0.125 | F65: =+($D$13*E63)+$D$13 -> 136425.33 | G65: =+E65*F65 -> 17053.166
C66: Subtotal 1 | G66: =SUM(G64:G65) -> 60118.272
C67: Incremento Oficio | D67: % | E67: 0.15 | G67: =+G66*E67 -> 9017.7408
C68: Subtotal 2 | G68: =+G66+G67 -> 69136.013
A69: O00901 | C69: Factor prestacional de ingreso por hora efectiva / base hora laboral | D69: % | E69: =+((0.7008*3)+0.6756)/4 -> 0.6945 | G69: =+G68*E69 -> 48014.961
C70: Total | G70: =+G68+G69 -> 117150.97
A72: O00054 | C72: Cuadrilla DD (Carpintería) 2 Of y 1 Ay | D72: HR | E72: 0.2
A73: O00006 | C73: Ayudante A Carpintería | D73: jor | E73: 0.125 | F73: =+($D$7*E72)+$D$7 -> 119833.34 | G73: =+E73*F73 -> 14979.167
A74: O00007 | C74: Oficial A Carpintería | D74: jor | E74: 0.125 | F74: =+($D$13*E72)+$D$13 -> 142356.86 | G74: =+E74*F74 -> 17794.608
C75: Oficial B Carpintería | D75: jor | E75: 0.125 | F75: =+($D$16*E72)+$D$16 -> 149200.94 | G75: =+E75*F75 -> 18650.118
C76: Subtotal | G76: =SUM(G73:G75) -> 51423.893
A77: O00901 | C77: Factor prestacional de ingreso por hora efectiva / base hora laboral | D77: % | E77: =(0.7008+0.6756+0.6586)/3 -> 0.67833333 | G77: =+G76*E77 -> 34882.541
C78: Total | G78: =+G76+G77 -> 86306.434
A80: O00055 | C80: Cuadrilla EE (Eléctricos) 1 Of y 1 Ay | D80: HR | E80: 0.3
A81: O00006 | C81: Ayudante Electricista | D81: jor | E81: 0.125 | F81: =+(D10*E80)+D10 -> 18468.949 | G81: =+E81*F81 -> 2308.6187
A82: O00007 | C82: Oficial Electricista | D82: jor | E82: 0.125 | F82: =+(D16*E80)+D16 -> 161634.36 | G82: =+E82*F82 -> 20204.294
C83: Subtotal | G83: =SUM(G81:G82) -> 22512.913
A84: O00901 | C84: Factor prestacional de ingreso por hora efectiva / base hora laboral | D84: % | E84: =+(0.6885+0.6586)/2 -> 0.67355 | G84: =+G83*E84 -> 15163.573
C85: Total | G85: =+G83+G84 -> 37676.486
A87: O00050 | C87: Cuadrilla TT (Topografía) 1 Top.-1 of ejero | D87: HR
A88: O00001 | C88: topógrafo | D88: jor | E88: 0.181999 | F88: 63964.39 | G88: =+E88*F88 -> 11641.455
A89: O00002 | C89: Oficial | D89: jor | E89: 0.125 | F89: 59442.38 | G89: =+E89*F89 -> 7430.2975
C90: Subtotal | G90: =SUM(G88:G89) -> 19071.753
A91: O00901 | C91: Factor prestacional de ingreso por hora efectiva / base hora laboral | D91: % | E91: 0.4 | G91: =+G90*E91 -> 7628.701
C92: Total | G92: =+ROUND(G90+G91,0) -> 26700
A94: O00050 | C94: Cuadrilla AA (Concretos) 2Of y 4 Ay | D94: HR
A95: O00001 | C95: Ayudante A | D95: jor | E95: 0.15 | F95: =+$D$7*4 -> 399444.46 | G95: =+E95*F95 -> 59916.669
A96: O00002 | C96: Oficial A | D96: jor | E96: 0.15 | F96: =+$D$13*2 -> 237261.44 | G96: =+E96*F96 -> 35589.216
C97: Subtotal | G97: =SUM(G95:G96) -> 95505.885
A98: O00901 | C98: Factor prestacional de ingreso por hora efectiva / base hora laboral | D98: % | E98: =+(0.7008+0.6756)/2 -> 0.6882 | G98: =+G97*E98 -> 65727.15
C99: Total | G99: =+G97+G98 -> 161233.04
A101: O00050 | C101: Cuadrilla AA (Aseo) 2Ay | D101: HR
A102: O00001 | C102: Ayudante A | D102: jor | E102: 0.125 | F102: =+$D$7*2 -> 199722.23 | G102: =+E102*F102 -> 24965.279
C103: Subtotal | G103: =SUM(G102:G102) -> 24965.279
A104: O00901 | C104: Factor prestacional de ingreso por hora efectiva / base hora laboral | D104: % | E104: =+(0.7008+0.6756)/2 -> 0.6882 | G104: =+G103*E104 -> 17181.105
C105: Total | G105: =+G103+G104 -> 42146.384
A109: Elaboró:
A114: LEONARDO IVÁN OÑATE LÓPEZ
A115: INGENIERO CIVIL
A116: M.P 20202-36795656 CES
A117: C.C 1.067.815.106

Sheet PPTO 2
A1: LIMPIEZA Y MANTENIMIENTO DEL DISTRITO DE RIEGO DE LA PARTE BAJA DE SABANAS DE LEON, MUNICIPIO DE MANAURE, DEPARTAMENTO DEL CESAR.
A4: ITEMS | B4: DESCRIPCIÓN | C4: UNIDAD | D4: CANTIDAD | E4: VR. UNITARIO | F4: VR. PARCIAL
A5: 1 | B5: MOVIMENTOS DE TIERRA PARA MANTENIMIENTO DE DISTRITO DE RIEGO | F5: =SUM(F6:F7) -> 8293924
A6: 1.1 | B6: EXCAVACION MANUAL EN MATERIAL CONGLOMERADO | C6: M3 | D6: ='Cantidad 2'!G6 -> 113.25 | E6: =+'APU 2'!F31 -> 48155.27 | F6: =+ROUND(D6*E6,0) -> 5453584
A7: 1.2 | B7: RELLENO SELECCIONADO CON MATERIAL DE LA MISMA EXCAVACION | C7: M3 | D7: ='Cantidad 2'!G7 -> 79.275 | E7: =+'APU 2'!F58 -> 35828.954 | F7: =+ROUND(D7*E7,0) -> 2840340
A8: 2 | B8: OBRAS DE REDES HIDRAULICAS PARA MANTENIMIENTO DE DISTRITO DE RIEGO | F8: =SUM(F9:F16) -> 12404275
A9: 2.1 | B9: SUMINISTRO E INSTALACION DE TUBERIA DE ALTA PRESIÓN EN PVC 4" | C9: ML | D9: =+'Cantidad 2'!G9 -> 96 | E9: =+'APU 2'!F88 -> 78259.708 | F9: =+ROUND(D9*E9,0) -> 7512932
A10: 2.2 | B10: SUMINISTRO E INSTALACIÓN UNIONES ALTAPRESION EN PVC O SIMILAR DE 4" | C10: UND | D10: =+'Cantidad 2'!G10 -> 18 | E10: =+'APU 2'!F119 -> 77853.738 | F10: =+ROUND(D10*E10,0) -> 1401367
A11: 2.3 | B11: SUMINISTRO E INSTALACION DE TUBERIA DE ALTA PRESIÓN EN PVC 3" | C11: ML | D11: =+'Cantidad 2'!G11 -> 24 | E11: =+'APU 2'!F150 -> 54060.042 | F11: =+ROUND(D11*E11,0) -> 1297441
A12: 2.4 | B12: SUMINISTRO E INSTALACIÓN UNIONES ALTAPRESION EN PVC O SIMILAR DE 3" | C12: UND | D12: =+'Cantidad 2'!G12 -> 6 | E12: =+'APU 2'!F181 -> 50301.192 | F12: =+ROUND(D12*E12,0) -> 301807
A13: 2.5 | B13: SUMINISTRO E INSTALACION DE TUBERIA DE ALTA PRESIÓN EN PVC 2" | C13: ML | D13: =+'Cantidad 2'!G13 -> 30 | E13: =+'APU 2'!F212 -> 38739.36 | F13: =+ROUND(D13*E13,0) -> 1162181
A14: 2.6 | B14: SUMINISTRO E INSTALACIÓN UNIONES ALTAPRESION EN PVC O SIMILAR DE 2" | C14: UND | D14: =+'Cantidad 2'!G14 -> 7 | E14: =+'APU 2'!F243 -> 32002.086 | F14: =+ROUND(D14*E14,0) -> 224015
A15: 2.7 | B15: MANTENIMIENTO DE MANGUERA EXISTENTE, PARA SU CORRECTO FUNCIONAMIENTO, REALIZANDO LABORES DE AJUSTE DE ACOPLES Y PUESTA EN SERVICIO DEL SISTEMA | C15: GBL | D15: =+'Cantidad 2'!G15 -> 1 | E15: =+'APU 2'!F274 -> 504532.31 | F15: =+ROUND(D15*E15,0) -> 504532
C17: SUBTOTAL COSTOS DIRECTOS | F17: =F5+F8 -> 20698199
C18: TOTAL | F18: =SUM(F17:F17) -> 20698199
B25: =+#REF! -> #REF!
B26: =+#REF! -> #REF!

Sheet APU 2
A2: ITEM 1.1 | B2: =+'PPTO 2'!B6 -> EXCAVACION MANUAL EN MATERIAL CONGLOMERADO | E2: UNIDAD: | F2: m3 | H2: OK
A5: 1.- Equipos
A6: DESCRIPCION | C6: UND | D6: VR UNITARIO | E6: CANTIDAD | F6: VR PARCIAL
A7: Herramientas menores | C7: % | D7: =F28 -> 45648.161 | E7: 0.03 | F7: =D7*E7 -> 1369.4448
D10: Subtotal | F10: =SUM(F7:F9) -> 1369.4448
A12: 2.- Materiales
A13: DESCRIPCION | C13: UND | D13: VR UNITARIO | E13: CANTIDAD | F13: VR PARCIAL
A14: ESTACAS | C14: UND | D14: ='ANALISIS BASICOS E INSUMOS'!D53 -> 500 | E14: 2 | F14: =D14*E14 -> 1000
A15: PINTURA | C15: GLOB | D15: ='ANALISIS BASICOS E INSUMOS'!D147 -> 83490 | E15: 0.001 | F15: =D15*E15 -> 83.49
A16: DESPERDICIO | C16: % | D16: =F14+F15 -> 1083.49 | E16: 0.05 | F16: =D16*E16 -> 54.1745
D20: Subtotal | F20: =SUM(F14:F19) -> 1137.6645
A22: 3.- Mano de Obra
A23: DESCRIPCION | C23: UND | D23: VR UNITARIO | E23: CANTIDAD | F23: VR PARCIAL
A24: CUADRILLA 1*3 | C24: DIA | D24: 304321.07 | E24: 0.15 | F24: =D24*E24 -> 45648.161
D28: Subtotal | F28: =SUM(F24:F27) -> 45648.161
C31: TOTAL COSTO DIRECTO | F31: =+F28+F20+F10 -> 48155.27
A35: ITEM 1.2 | B35: =+'PPTO 2'!B7 -> RELLENO SELECCIONADO CON MATERIAL DE LA MISMA EXCAVACION | E35: UNIDAD: | F35: m3 | H35: OK
A39: 1.- Equipos
A40: DESCRIPCION | C40: UND | D40: VR UNITARIO | E40: CANTIDAD | F40: VR PARCIAL
A41: Herramientas menores | C41: % | D41: =F55 -> 21622.813 | E41: 0.05 | F41: =D41*E41 -> 1081.1407
D44: Subtotal | F44: =SUM(F41:F43) -> 1081.1407
A46: 2.- Materiales
A47: DESCRIPCION | C47: UND | D47: VR UNITARIO | E47: CANTIDAD | F47: VR PARCIAL
A48: RELLENO MATERIAL DE RECEBO COMUN | C48: M3 | D48: ='ANALISIS BASICOS E INSUMOS'!D30 -> 12500 | E48: 1 | F48: =+D48*E48 -> 12500
A49: DESPERDICIO | C49: % | D49: =F48 -> 12500 | E49: 0.05 | F49: =+D49*E49 -> 625
D50: Subtotal | F50: =SUM(F48:F49) -> 13125
A52: 3.- Mano de Obra
A53: DESCRIPCION | C53: UND | D53: VR UNITARIO | E53: CANTIDAD | F53: VR PARCIAL
A54: CUADRILLA 1*2 | C54: DIA | D54: 240253.48 | E54: 0.09 | F54: =D54*E54 -> 21622.813
D55: Subtotal | F55: =SUM(F54:F54) -> 21622.813
C58: TOTAL COSTO DIRECTO | F58: =+F55+F50+F44 -> 35828.954
A62: ITEM 2.1 | B62: =+'PPTO 2'!B9 -> SUMINISTRO E INSTALACION DE TUBERIA DE ALTA PRESIÓN EN PVC 4" | E62: UNIDAD: | F62: =+'PPTO 2'!C9 -> ML
A66: 1.- Equipos
A67: DESCRIPCION | C67: UND | D67: VR UNITARIO | E67: CANTIDAD | F67: VR PARCIAL
A68: Herramientas menores | C68: % | D68: =F85 -> 28830.417 | E68: 0.1 | F68: =D68*E68 -> 2883.0417
D71: Subtotal | F71: =SUM(F68:F70) -> 2883.0417
A73: 2.- Materiales
A74: DESCRIPCION | C74: UND | D74: VR UNITARIO | E74: CANTIDAD | F74: VR PARCIAL
A75: =B62 -> SUMINISTRO E INSTALACION DE TUBERIA DE ALTA PRESIÓN EN PVC 4" | C75: U | D75: =248346*1.05 -> 260763.3 | E75: 0.17 | F75: =E75*D75 -> 44329.761
A76: DESPERDICIO | C76: % | D76: =F75 -> 44329.761 | E76: 0.05 | F76: =E76*D76 -> 2216.4881
D79: Subtotal | F79: =SUM(F75:F78) -> 46546.249
A81: 3.- Mano de Obra
A82: DESCRIPCION | C82: UND | D82: VR UNITARIO | E82: CANTIDAD | F82: VR PARCIAL
A83: CUADRILLA 1*2 | C83: DIA | D83: 240253.48 | E83: 0.12 | F83: =D83*E83 -> 28830.417
D85: Subtotal | F85: =F83 -> 28830.417
C88: TOTAL COSTO DIRECTO | F88: =+F85+F79+F71 -> 78259.708
A93: ITEM 2.2 | B93: =+'PPTO 2'!B10 -> SUMINISTRO E INSTALACIÓN UNIONES ALTAPRESION EN PVC O SIMILAR DE 4" | E93: UNIDAD: | F93: UND
A97: 1.- Equipos
A98: DESCRIPCION | C98: UND | D98: VR UNITARIO | E98: CANTIDAD | F98: VR PARCIAL
A99: Herramientas menores | C99: % | D99: =F116 -> 6006.337 | E99: 0.05 | F99: =D99*E99 -> 300.31685
D102: Subtotal | F102: =SUM(F99:F101) -> 300.31685
A104: 2.- Materiales
A105: DESCRIPCION | C105: UND | D105: VR UNITARIO | E105: CANTIDAD | F105: VR PARCIAL
A106: =B93 -> SUMINISTRO E INSTALACIÓN UNIONES ALTAPRESION EN PVC O SIMILAR DE 4" | C106: U | D106: =66804*1.05 -> 70144.2 | E106: 1 | F106: =E106*D106 -> 70144.2
A107: DESPERDICIO | C107: % | D107: =F106 -> 70144.2 | E107: 0.02 | F107: =E107*D107 -> 1402.884
D110: Subtotal | F110: =SUM(F106:F109) -> 71547.084
A112: 3.- Mano de Obra
A113: DESCRIPCION | C113: UND | D113: VR UNITARIO | E113: CANTIDAD | F113: VR PARCIAL
A114: CUADRILLA 1*2 | C114: DIA | D114: 240253.48 | E114: 0.025 | F114: =D114*E114 -> 6006.337
D116: Subtotal | F116: =F114 -> 6006.337
C119: TOTAL COSTO DIRECTO | F119: =+F116+F110+F102 -> 77853.738
A124: ITEM 2.3 | B124: =+'PPTO 2'!B11 -> SUMINISTRO E INSTALACION DE TUBERIA DE ALTA PRESIÓN EN PVC 3" | E124: UNIDAD: | F124: Ml
A128: 1.- Equipos
A129: DESCRIPCION | C129: UND | D129: VR UNITARIO | E129: CANTIDAD | F129: VR PARCIAL
A130: Herramientas menores | C130: % | D130: =F147 -> 14415.209 | E130: 0.1 | F130: =D130*E130 -> 1441.5209
D133: Subtotal | F133: =SUM(F130:F132) -> 1441.5209
A135: 2.- Materiales
A136: DESCRIPCION | C136: UND | D136: VR UNITARIO | E136: CANTIDAD | F136: VR PARCIAL
A137: =B124 -> SUMINISTRO E INSTALACION DE TUBERIA DE ALTA PRESIÓN EN PVC 3" | C137: U | D137: =150518*1.05 -> 158043.9 | E137: 0.17 | F137: =E137*D137 -> 26867.463
A138: DESPERDICIO | C138: % | D138: =F137 -> 26867.463 | E138: 0.05 | F138: =E138*D138 -> 1343.3732
A140: Transporte de tubería | C140: m3/km | D140: 1110.2752 | E140: =0.1/0.9 -> 0.11111111 | F140: =D140/E140 -> 9992.4765
D141: Subtotal | F141: =SUM(F137:F140) -> 38203.313
A143: 3.- Mano de Obra
A144: DESCRIPCION | C144: UND | D144: VR UNITARIO | E144: CANTIDAD | F144: VR PARCIAL
A145: CUADRILLA 1*2 | C145: DIA | D145: 240253.48 | E145: 0.06 | F145: =D145*E145 -> 14415.209
D147: Subtotal | F147: =F145 -> 14415.209
C150: TOTAL COSTO DIRECTO | F150: =+F147+F141+F133 -> 54060.042
A155: ITEM 2.4 | B155: =+'PPTO 2'!B12 -> SUMINISTRO E INSTALACIÓN UNIONES ALTAPRESION EN PVC O SIMILAR DE 3" | E155: UNIDAD: | F155: UND
A159: 1.- Equipos
A160: DESCRIPCION | C160: UND | D160: VR UNITARIO | E160: CANTIDAD | F160: VR PARCIAL
A161: Herramientas menores | C161: % | D161: =F178 -> 6006.337 | E161: 0.05 | F161: =D161*E161 -> 300.31685
D164: Subtotal | F164: =SUM(F161:F163) -> 300.31685
A166: 2.- Materiales
A167: DESCRIPCION | C167: UND | D167: VR UNITARIO | E167: CANTIDAD | F167: VR PARCIAL
A168: =B155 -> SUMINISTRO E INSTALACIÓN UNIONES ALTAPRESION EN PVC O SIMILAR DE 3" | C168: U | D168: =41078*1.05 -> 43131.9 | E168: 1 | F168: =E168*D168 -> 43131.9
A169: DESPERDICIO | C169: % | D169: =F168 -> 43131.9 | E169: 0.02 | F169: =E169*D169 -> 862.638
D172: Subtotal | F172: =SUM(F168:F171) -> 43994.538
A174: 3.- Mano de Obra
A175: DESCRIPCION | C175: UND | D175: VR UNITARIO | E175: CANTIDAD | F175: VR PARCIAL
A176: CUADRILLA 1*2 | C176: DIA | D176: 240253.48 | E176: 0.025 | F176: =D176*E176 -> 6006.337
D178: Subtotal | F178: =F176 -> 6006.337
C181: TOTAL COSTO DIRECTO | F181: =+F178+F172+F164 -> 50301.192
A186: ITEM 2.5 | B186: =+'PPTO 2'!B13 -> SUMINISTRO E INSTALACION DE TUBERIA DE ALTA PRESIÓN EN PVC 2" | E186: UNIDAD: | F186: Ml
A190: 1.- Equipos
A191: DESCRIPCION | C191: UND | D191: VR UNITARIO | E191: CANTIDAD | F191: VR PARCIAL
A192: Herramientas menores | C192: % | D192: =F209 -> 14415.209 | E192: 0.1 | F192: =D192*E192 -> 1441.5209
D195: Subtotal | F195: =SUM(F192:F194) -> 1441.5209
A197: 2.- Materiales
A198: DESCRIPCION | C198: UND | D198: VR UNITARIO | E198: CANTIDAD | F198: VR PARCIAL
A199: =B186 -> SUMINISTRO E INSTALACION DE TUBERIA DE ALTA PRESIÓN EN PVC 2" | C199: U | D199: =68775*1.05 -> 72213.75 | E199: 0.17 | F199: =E199*D199 -> 12276.338
...

Sheet Cantidad 2
A1: ='PPTO 2'!A1:F1 -> LIMPIEZA Y MANTENIMIENTO DEL DISTRITO DE RIEGO DE LA PARTE BAJA DE SABANAS DE LEON, MUNICIPIO DE MANAURE, DEPARTAMENTO DEL CESAR.
A2: CANTIDADES DE OBRA VIADUCTO
A4: DESCRIPCIÓN | B4: UNIDAD | C4: LONGITUD | D4: ANCHO | E4: ALTO | F4: CANTIDAD | G4: CANTIDAD TOTAL
A5: =+'PPTO 2'!B5 -> MOVIMENTOS DE TIERRA PARA MANTENIMIENTO DE DISTRITO DE RIEGO
A6: =+'PPTO 2'!B6 -> EXCAVACION MANUAL EN MATERIAL CONGLOMERADO | B6: =+'PPTO 2'!C6 -> M3 | C6: 755 | D6: 0.3 | E6: 0.5 | F6: 1 | G6: =+C6*D6*E6*F6 -> 113.25
A7: =+'PPTO 2'!B7 -> RELLENO SELECCIONADO CON MATERIAL DE LA MISMA EXCAVACION | B7: =+'PPTO 2'!C7 -> M3 | G7: =+G6-G6*0.3 -> 79.275
A8: =+'PPTO 2'!B8 -> OBRAS DE REDES HIDRAULICAS PARA MANTENIMIENTO DE DISTRITO DE RIEGO
A9: =+'PPTO 2'!B9 -> SUMINISTRO E INSTALACION DE TUBERIA DE ALTA PRESIÓN EN PVC 4" | B9: =+'PPTO 2'!C9 -> ML | C9: 96 | F9: 1 | G9: =+C9*F9 -> 96
A10: =+'PPTO 2'!B10 -> SUMINISTRO E INSTALACIÓN UNIONES ALTAPRESION EN PVC O SIMILAR DE 4" | B10: =+'PPTO 2'!C10 -> UND | C10: =+C9/6+2 -> 18 | F10: 1 | G10: =+C10*F10 -> 18
A11: =+'PPTO 2'!B11 -> SUMINISTRO E INSTALACION DE TUBERIA DE ALTA PRESIÓN EN PVC 3" | B11: =+'PPTO 2'!C11 -> ML | C11: 24 | F11: 1 | G11: =+C11*F11 -> 24
A12: =+'PPTO 2'!B12 -> SUMINISTRO E INSTALACIÓN UNIONES ALTAPRESION EN PVC O SIMILAR DE 3" | B12: =+'PPTO 2'!C12 -> UND | C12: =+C11/6+2 -> 6 | F12: 1 | G12: =+C12*F12 -> 6
A13: =+'PPTO 2'!B13 -> SUMINISTRO E INSTALACION DE TUBERIA DE ALTA PRESIÓN EN PVC 2" | B13: =+'PPTO 2'!C13 -> ML | C13: 30 | F13: 1 | G13: =+C13*F13 -> 30
A14: =+'PPTO 2'!B14 -> SUMINISTRO E INSTALACIÓN UNIONES ALTAPRESION EN PVC O SIMILAR DE 2" | B14: =+'PPTO 2'!C14 -> UND | C14: =+C13/6+2 -> 7 | F14: 1 | G14: =+C14*F14 -> 7
A15: =+'PPTO 2'!B15 -> MANTENIMIENTO DE MANGUERA EXISTENTE, PARA SU CORRECTO FUNCIONAMIENTO, REALIZANDO LABORES DE AJUSTE DE ACOPLES Y PUESTA EN SERVICIO DEL SISTEMA | B15: =+'PPTO 2'!C15 -> GBL | F15: 1 | G15: =+F15 -> 1
A21: Nombre: DANIEL A. MAHECHA CALDERON
A22: CARGO : SECRETARIO DE PLANEACION Y OBRAS

Sheet Cronograma 2
A1: =+'PPTO 2'!A1:F1 -> LIMPIEZA Y MANTENIMIENTO DEL DISTRITO DE RIEGO DE LA PARTE BAJA DE SABANAS DE LEON, MUNICIPIO DE MANAURE, DEPARTAMENTO DEL CESAR.
A2: Cronograma de Flujo
A4: ITEMS | B4: DESCRIPCIÓN | C4: VALOR | D4: Semana 1 | E4: Semana 2 | F4: Semana 3
A5: 1 | B5: MOVIMENTOS DE TIERRA PARA MANTENIMIENTO DE DISTRITO DE RIEGO
A6: 1.1 | B6: EXCAVACION MANUAL EN MATERIAL CONGLOMERADO | C6: =+'PPTO 2'!F6 -> 5453584 | D6: =+$C$6/3 -> 1817861.3 | E6: =+$C$6/3 -> 1817861.3 | F6: =+$C$6/3 -> 1817861.3
A7: 1.2 | B7: RELLENO SELECCIONADO CON MATERIAL DE LA MISMA EXCAVACION | C7: =+'PPTO 2'!F7 -> 2840340 | D7: =+$C$7/3 -> 946780 | E7: =+$C$7/3 -> 946780 | F7: =+$C$7/3 -> 946780
A8: 2 | B8: OBRAS DE REDES HIDRAULICAS PARA MANTENIMIENTO DE DISTRITO DE RIEGO
A9: 2.1 | B9: SUMINISTRO E INSTALACION DE TUBERIA DE ALTA PRESIÓN EN PVC 4" | C9: =+'PPTO 2'!F9 -> 7512932 | D9: =+$C$9/3 -> 2504310.7 | E9: =+$C$9/3 -> 2504310.7 | F9: =+$C$9/3 -> 2504310.7
A10: 2.2 | B10: SUMINISTRO E INSTALACIÓN UNIONES ALTAPRESION EN PVC O SIMILAR DE 4" | C10: =+'PPTO 2'!F10 -> 1401367 | D10: =+$C$10/3 -> 467122.33 | E10: =+$C$10/3 -> 467122.33 | F10: =+$C$10/3 -> 467122.33
A11: 2.3 | B11: SUMINISTRO E INSTALACION DE TUBERIA DE ALTA PRESIÓN EN PVC 3" | C11: =+'PPTO 2'!F11 -> 1297441 | D11: =+$C$11/3 -> 432480.33 | E11: =+$C$11/3 -> 432480.33 | F11: =+$C$11/3 -> 432480.33
A12: 2.4 | B12: SUMINISTRO E INSTALACIÓN UNIONES ALTAPRESION EN PVC O SIMILAR DE 3" | C12: =+'PPTO 2'!F12 -> 301807 | D12: =+$C$12/3 -> 100602.33 | E12: =+$C$12/3 -> 100602.33 | F12: =+$C$12/3 -> 100602.33
A13: 2.5 | B13: SUMINISTRO E INSTALACION DE TUBERIA DE ALTA PRESIÓN EN PVC 2" | C13: =+'PPTO 2'!F13 -> 1162181 | D13: =+$C$13/3 -> 387393.67 | E13: =+$C$13/3 -> 387393.67 | F13: =+$C$13/3 -> 387393.67
A14: 2.6 | B14: SUMINISTRO E INSTALACIÓN UNIONES ALTAPRESION EN PVC O SIMILAR DE 2" | C14: =+'PPTO 2'!F14 -> 224015 | D14: =+$C$14/3 -> 74671.667 | E14: =+$C$14/3 -> 74671.667 | F14: =+$C$14/3 -> 74671.667
A15: 2.7 | B15: MANTENIMIENTO DE MANGUERA EXISTENTE, PARA SU CORRECTO FUNCIONAMIENTO, REALIZANDO LABORES DE AJUSTE DE ACOPLES Y PUESTA EN SERVICIO DEL SISTEMA | C15: =+'PPTO 2'!F15 -> 504532 | D15: =+$C$15/3 -> 168177.33 | E15: =+$C$15/3 -> 168177.33 | F15: =+$C$15/3 -> 168177.33
A17: SUBTOTAL COSTOS DIRECTOS | C17: =+SUM(C6:C15) -> 20698199 | D17: =+SUM(D6:D15) -> 6899399.7 | E17: =+SUM(E6:E15) -> 6899399.7 | F17: =+SUM(F6:F15) -> 6899399.7
A18: TOTAL | C18: =+C17 -> 20698199 | D18: =+D17 -> 6899399.7 | E18: =+E17+D18 -> 13798799 | F18: =+F17+E18 -> 20698199
B25: =+#REF! -> #REF!
B26: =+#REF! -> #REF!

Sheet APU VIADUCTO
A1: =+#REF! -> #REF!
A2: ANALISIS DE PRECIOS UNITARIOS
A3: OBRA: | B3: CONSTRUCCION DE LOS SISTEMAS DE VIADUCTOS PARA LA LINEA DE CONDUCCION DEL SISTEMA DE ACUEDUCTO PARA EL CAMPAMENTO TIERRAGRATA, CORREGIMIENTO DE SAN JOSE DE ORIENTE, MUNICIPIO DE LA PAZ, DEPARTAMENTO DEL CESAR.
A4: ITEM
A5: =+'[6]LINEA DE CONDUCCIÓN'!A6 -> 1.1 | B5: =+'[6]LINEA DE CONDUCCIÓN'!B6 -> DESCAPOTE A MANUAL EN TERRENO COMUN, HASTA EXP .15 MT | E5: UNIDAD: | F5: =+'[6]LINEA DE CONDUCCIÓN'!C6 -> M2
A7: 1.- EQUIPOS
A8: Descripción | C8: Tipo | D8: Tarifa/Día | E8: Rendimiento | F8: Vr. Parcial
A9: Herramientas menores | C9: %MO | D9: =+F22 -> 3311.6994 | E9: 0.03 | F9: =+D9*E9 -> 99.350982
D12: Subtotal | F12: =SUM(F9:F11) -> 99.350982
A13: 2.- MATERIALES
A14: Descripción | C14: Unidad | D14: Precio | E14: Cantidad | F14: Vr. Parcial
F15: =D15*E15 -> 0
F16: =D16*E16 -> 0
D19: Subtotal | F19: =SUM(F15:F18) -> 0
A20: 3.- MANO DE OBRA
A21: Cantidad | B21: Personal | C21: Jornal/h | D21: Jornal Total | E21: Rendimiento | F21: Vr. Parcial
A22: CUADRILLA AA | C22: =[1]MO!K39 -> 22077.996 | E22: 0.15 | F22: =+C22*E22 -> 3311.6994 | H22: =C22*8 -> 176623.97
D24: Subtotal | F24: =SUM(F22:F23) -> 3311.6994
A25: TOTAL COSTO DIRECTO | F25: =+F24+F19+F12 -> 3411.0504
A27: ITEM
A28: =+'[6]LINEA DE CONDUCCIÓN'!A8 -> 2.1 | B28: =+'[6]LINEA DE CONDUCCIÓN'!B8 -> EXCAVACION MANUAL EN MATERIAL COMUN | E28: UNIDAD: | F28: =+'[6]LINEA DE CONDUCCIÓN'!C8 -> M3
A30: 1.- EQUIPOS
A31: Descripción | C31: Tipo | D31: Tarifa/Día | E31: Rendimiento | F31: Vr. Parcial
A32: Herramientas menores | C32: %MO | D32: =+F45 -> 27587.136 | E32: 0.03 | F32: =+D32*E32 -> 827.61409
D35: Subtotal | F35: =SUM(F32:F34) -> 827.61409
A36: 2.- MATERIALES
A37: Descripción | C37: Unidad | D37: Precio | E37: Cantidad | F37: Vr. Parcial
F38: =D38*E38 -> 0
F39: =D39*E39 -> 0
D42: Subtotal | F42: =SUM(F38:F41) -> 0
A43: 3.- MANO DE OBRA
A44: Cantidad | B44: Personal | C44: Jornal/h | D44: Jornal Total | E44: Rendimiento | F44: Vr. Parcial
A45: CUADRILLA AA | C45: =+[6]MO!D77 -> 21220.874 | D45: =+[6]MO!D76 -> 169766.99 | E45: 1.3 | F45: =+C45*E45 -> 27587.136
D47: Subtotal | F47: =SUM(F45:F46) -> 27587.136
A48: TOTAL COSTO DIRECTO | F48: =+F47+F42+F35 -> 28414.75
A50: ITEM
A51: =+'[6]LINEA DE CONDUCCIÓN'!A9 -> 2.2 | B51: =+'[6]LINEA DE CONDUCCIÓN'!B9 -> EXCAVACION MANUAL EN ROCA | E51: UNIDAD: | F51: =+'[6]LINEA DE CONDUCCIÓN'!C9 -> M3
A53: 1.- EQUIPOS
A54: Descripción | C54: Tipo | D54: Tarifa/Día | E54: Rendimiento | F54: Vr. Parcial
A55: Herramientas menores | C55: %MO | D55: =+F68 -> 49902.913 | E55: 0.03 | F55: =+D55*E55 -> 1497.0874
D58: Subtotal | F58: =SUM(F55:F57) -> 1497.0874
A59: 2.- MATERIALES
A60: Descripción | C60: Unidad | D60: Precio | E60: Cantidad | F60: Vr. Parcial
A61: Llantas viejas | C61: U | D61: 30000 | E61: 2 | F61: =D61*E61 -> 60000
A62: Leña | C62: Carga | D62: 30000 | E62: 0.5 | F62: =D62*E62 -> 15000
A63: Agua | C63: litros | D63: =+'[7]Base Datos'!$C$16 -> 30 | E63: 50 | F63: =D63*E63 -> 1500
D65: Subtotal | F65: =SUM(F61:F64) -> 76500
A66: 3.- MANO DE OBRA
A67: Cantidad | B67: Personal | C67: Jornal/h | D67: Jornal Total | E67: Rendimiento | F67: Vr. Parcial
A68: CUADRILLA AA | C68: =+[6]MO!D100 -> 15418.533 | E68: 3.2365538 | F68: =+C68*E68 -> 49902.913
D70: Subtotal | F70: =SUM(F68:F69) -> 49902.913
A71: TOTAL COSTO DIRECTO | F71: =+F70+F65+F58 -> 127900
A73: ITEM
A74: =+'[6]LINEA DE CONDUCCIÓN'!A10 -> 2.3 | B74: =+'[6]LINEA DE CONDUCCIÓN'!B10 -> RELLENO SELECCIONADO CON MATERIAL DE LA MISMA EXCAVACION | E74: UNIDAD: | F74: =+'[6]LINEA DE CONDUCCIÓN'!C10 -> M3
A76: 1.- EQUIPOS
A77: Descripción | C77: Tipo | D77: Tarifa/Día | E77: Rendimiento | F77: Vr. Parcial
A78: Herramientas menores | C78: %MO | D78: =+F91 -> 16891.262 | E78: 0.03 | F78: =+D78*E78 -> 506.73786
D81: Subtotal | F81: =SUM(F78:F80) -> 506.73786
A82: 2.- MATERIALES
A83: Descripción | C83: Unidad | D83: Precio | E83: Cantidad | F83: Vr. Parcial
F84: =D84*E84 -> 0
F85: =D85*E85 -> 0
F86: =D86*E86 -> 0
D88: Subtotal | F88: =SUM(F84:F87) -> 0
A89: 3.- MANO DE OBRA
A90: Cantidad | B90: Personal | C90: Jornal/h | D90: Jornal Total | E90: Rendimiento | F90: Vr. Parcial
A91: CUADRILLA AA | C91: =+[6]MO!D77 -> 21220.874 | E91: 0.79597391 | F91: =+C91*E91 -> 16891.262
D93: Subtotal | F93: =SUM(F91:F92) -> 16891.262
A94: TOTAL COSTO DIRECTO | F94: =+F93+F88+F81 -> 17398
A96: ITEM
A97: =+'[6]LINEA DE CONDUCCIÓN'!A12 -> 3.1 | B97: =+'[6]LINEA DE CONDUCCIÓN'!B12 -> CONCRETO PARA SOLADO EN 2000 PSI | E97: UNIDAD: | F97: =+'[6]LINEA DE CONDUCCIÓN'!C12 -> M3
A99: 1.- EQUIPOS
A100: Descripción | C100: Tipo | D100: Tarifa/Día | E100: Rendimiento | F100: Vr. Parcial
A101: Herramientas menores | C101: %MO | D101: =+F115 -> 21165.049 | E101: 0.03 | F101: =+D101*E101 -> 634.95146
D104: Subtotal | F104: =SUM(F101:F103) -> 634.95146
A105: 2.- MATERIALES
A106: Descripción | C106: Unidad | D106: Precio | E106: Cantidad | F106: Vr. Parcial
A107: Cemento gris | C107: Kg | D107: =+'[7]Base Datos'!$C$17 -> 680 | E107: 230 | F107: =D107*E107 -> 156400
A108: Gravilla de sitio | C108: m3 | D108: ='[7]Base Datos'!$C$18 -> 75000 | E108: 0.92 | F108: =D108*E108 -> 69000
A109: Arena del sitio | C109: m3 | D109: ='[7]Base Datos'!$C$19 -> 60000 | E109: 0.55 | F109: =D109*E109 -> 33000
A110: Agua | C110: Litro | D110: =+'[7]Base Datos'!$C$16 -> 30 | E110: 160 | F110: =D110*E110 -> 4800
D112: Subtotal | F112: =SUM(F107:F111) -> 263200
A113: 3.- MANO DE OBRA
A114: Cantidad | B114: Personal | C114: Jornal/h | D114: Jornal Total | E114: Rendimiento | F114: Vr. Parcial
A115: CUADRILLA AA | C115: =+[6]MO!D77 -> 21220.874 | E115: 0.99736931 | F115: =+C115*E115 -> 21165.049
D117: Subtotal | F117: =SUM(F115:F116) -> 21165.049
A118: TOTAL COSTO DIRECTO | F118: =+F117+F112+F104 -> 285000
A120: ITEM
A121: =+'[6]LINEA DE CONDUCCIÓN'!A13 -> 3.2 | B121: =+'[6]LINEA DE CONDUCCIÓN'!B13 -> CONCRETO DE 3000 PSI PARA ZAPATAS | E121: UNIDAD: | F121: =+'[6]LINEA DE CONDUCCIÓN'!C13 -> M3
A123: 1.- EQUIPOS
A124: Descripción | C124: Tipo | D124: Tarifa/Día | E124: Rendimiento | F124: Vr. Parcial
A125: Herramientas menores | C125: %MO | D125: =+F142 -> 190264.08 | E125: 0.03 | F125: =+D125*E125 -> 5707.9223
D128: Subtotal | F128: =SUM(F125:F127) -> 5707.9223
A129: 2.- MATERIALES
A130: Descripción | C130: Unidad | D130: Precio | E130: Cantidad | F130: Vr. Parcial
A131: Cemento gris | C131: Kg | D131: =+'[7]Base Datos'!$C$17 -> 680 | E131: 350 | F131: =D131*E131 -> 238000
A132: Gravilla de sitio | C132: m3 | D132: ='[7]Base Datos'!$C$18 -> 75000 | E132: 0.85 | F132: =D132*E132 -> 63750
A133: Arena del sitio | C133: m3 | D133: ='[7]Base Datos'!$C$19 -> 60000 | E133: 0.65 | F133: =D133*E133 -> 39000
A134: Agua | C134: Litro | D134: =+'[7]Base Datos'!$C$16 -> 30 | E134: 180 | F134: =D134*E134 -> 5400
A135: Gatos y puntales | C135: Gl | D135: 1 | E135: 80000 | F135: =D135*E135 -> 80000
...

Sheet ANALISIS BASICOS E INSUMOS
A1: ANALISIS BASICOS CONSTRUCCION ACUEDUCTO VEREDA TIERRA GRATA Y MIRADOR.
A2: PROYECTO : CONSTRUCCION DE ACUEDUCTO VEREDA TIERRA GRATA Y MIRADOR, MUNICIPIO DE MANAURE, DEPARTAMENTO DEL CESAR.
A4: CONSULTOR: ING - : YESID CERVANTES PADILLA.
A5: FECHA: FEBBRERO DE 2020.
A7: MARCO Y TAPA CAJA INSPECCION de 0.60 x 0.60 cM. (Marco en angulo 2 1/2 x 2 1/2 * 3/16", tapa reforzada en platina de 3 * 3/16" con parrilla en varilla 3/8 cada 10 cM.). | B7: UN | D7: =135000*1.1 -> 148500
A8: MARCO Y TAPA CAJA INSPECCION de 0.80 x 0.80 cM. (Marco en angulo 2 1/2 x 2 1/2 * 3/16", tapa reforzada en platina de 3 * 3/16" con parrilla en varilla 3/8 cada 10 cM.). | B8: UN | D8: =280000*1.1 -> 308000
A9: MARCO Y TAPA CAJA INSPECCION de 1.00 x 1.00 M. (Marco en angulo 2 1/2 x 2 1/2 * 3/16", tapa reforzada en platina de 3 * 3/16" con parrilla en varilla 3/8 cada 10 cM.). | B9: UN | D9: =360000*1.1 -> 396000
A10: marco en ang. 1 1/2"x1 1/2x1/4" y refuerzo para tapa en platina 3x3/16" con parrilla en varilla 3/8 cada 10cm para Caja distribución de 1.65x0.85m | B10: UN | D10: =125000*1.1 -> 137500
A11: marco en ang. 1 1/2"x1 1/2x1/4" y refuerzo para tapa en platina 3x3/16" con parrilla en varilla 3/8 cada 10cm para Caja distribución de 0,85x0,85m | B11: UN | D11: =115000*1.1 -> 126500
A12: marco en ang. 1 1/2"x1 1/2x1/4" y refuerzo para tapa en platina 3x3/16" con parrilla en varilla 3/8 cada 10cm para trampa de grasas de 0.75x1.10m | B12: UN | D12: =105000*1.1 -> 115500
A13: marco en ang. 1 1/2"x1 1/2x1/4" y refuerzo para tapa en platina 3x3/16" con parrilla en varilla 3/8 cada 10cm para Caja distribución de 0.65x0.65m | B13: UN | D13: =98000*1.1 -> 107800
A14: CEMENTO GRIS | B14: kg | D14: =(25000/50)+(E14)+(30*200)/50+(6*750)/50 -> 710 | F14: FERROCALES Y CARBUROS | G14: INCLUYE TRANSPORTE EXTERNO E INTERNO
A15: PIEDRA | B15: M3 | D15: =48000 -> 48000 | F15: MEGASFALTO | G15: INCLUYE TRANSPORTE EXTERNO
A16: ARENA | B16: M3 | D16: =51170 -> 51170 | F16: MEGASFALTO | G16: INCLUYE TRANSPORTE EXTERNO
A17: GRAVILLA FINA | B17: M3 | D17: =86870 -> 86870 | F17: MEGASFALTO | G17: INCLUYE TRANSPORTE EXTERNO
A18: AGUA | B18: lt | D18: 50
A19: TRITURADO 3/4 | B19: M3 | D19: =+D17 -> 86870 | F19: MEGASFALTO | G19: INCLUYE TRANSPORTE EXTERNO
A20: ABONO | B20: M3 | D20: 50400 | F20: MEGASFALTO
A21: REVUELTO | B21: M3 | D21: =60000+(20*1580) -> 91600 | F21: MEGASFALTO | G21: INCLUYE TRANSPORTE EXTERNO
A22: RELLENO SELECCIONADO | B22: M3 | D22: =50000+(30*1580)+(6*3000) -> 115400 | F22: MEGASFALTO | G22: INCLUYE TRANSPORTE EXTERNO E INTERNO
A23: RELLENO GRANULAR SUBBASE | B23: M3 | D23: =D22 -> 115400 | F23: MEGASFALTO | G23: INCLUYE TRANSPORTE EXTERNO E INTERNO
A24: LADRILLO CORRIENTE | B24: UN | D24: 770 | F24: FERROCALES Y CARBUROS
A25: LADRILLO BOCADILLO | B25: UN | D25: 770 | F25: FERROCALES Y CARBUROS
A26: HERRAMIENTAS MENORES | B26: d | D26: 6440 | F26: FERROCALES Y CARBUROS
A27: ALGARROBILLO | B27: PIE | D27: 2185 | F27: MADERAS DEL CESAR
A28: RETIRO ESCOMBROS | B28: M3 | D28: 20400 | F28: =F23 -> MEGASFALTO
A29: RELLENO GRANULAR BASE | B29: M3 | D29: =47000+(36*1580) -> 103880 | F29: =F24 -> FERROCALES Y CARBUROS | G29: INCLUYE TRANSPORTE EXTERNO E INTERNO
A30: RECEBO COMUN | B30: M3 | D30: 12500 | F30: FERROCALES Y CARBUROS | G30: INCLUYE TRANSPORTE EXTERNO
A31: ALAMBRE NEGRO | B31: KG | D31: 3900 | F31: FERROCALES Y CARBUROS
A32: ACERO DE REFUERZO PDR-60 | B32: kg | D32: 5500 | E32: 4152 | F32: FERROCALES Y CARBUROS | G32: INCLUYE TRANSPORTE EXTERNO E INTERNO
A33: ESCALONES DE 3/4 LISOS | B33: KG | D33: =D32*2.23*1.25 -> 15331.25
A34: IMPERBEALIZANTE EN POLVO CON BASE CEMENTOSA | B34: KG | D34: 4290 | F34: FERROCALES Y CARBUROS
A35: malla electrosoldda m-335 de acero de refuerzo fy 60.000 psi | B35: M2 | D35: 3960 | F35: FERROCALES Y CARBUROS
A36: sika 101 mortero | B36: kg | D36: 5390 | F36: FERROCALES Y CARBUROS
A37: Limpiador PVC x 1/4 de galón | B37: UN | D37: 45439 | F37: FERROCALES Y CARBUROS
A38: Soldadura PVC x 1/4 de galón | B38: un | D38: 101049 | F38: FERROCALES Y CARBUROS
A39: tubería drenaje de 4". Incluye Accesorios | B39: m | D39: =(129000/6) -> 21500 | F39: FERROCALES Y CARBUROS
A40: tubería de 2" | B40: un | D40: =C398 -> 13258 | F40: FERROCALES Y CARBUROS
A41: codo de 2" pvc | B41: un | D41: 11983 | F41: FERROCALES Y CARBUROS
A42: codo de 3" pvc x90 union platino | B42: un | D42: 72087
A43: codo de 3" pvc x45 union platino | B43: un | D43: 79512
A44: codo de 4" pvc union platino | B44: un | D44: 106576
A45: Tee pvc 3" extremo liso | B45: un | D45: 52722
A46: RELLENO CON TIERRA DE LA EXCAVACION (compatado con pizón en capas de 15 cM.) | B46: m3 | D46: 18400 | G46: =2.4*6 -> 14.4
A47: LLAVE DE PASO PVC 1" | B47: UN | D47: =8500*1.1 -> 9350 | F47: FERROCALES Y CARBUROS
A48: BUJE AGUA POTABLE 1X1/2" | B48: UN | D48: =1400*1.1 -> 1540 | F48: FERROCALES Y CARBUROS
A49: LLAVE TERMINAL DE BRONCE DE 1/2" | B49: UN | D49: =17200*1.1 -> 18920 | F49: FERROCALES Y CARBUROS
A50: UNION SANITARIA TIPO PESADO 4" | B50: UN | D50: =8320*1.1 -> 9152 | F50: FERROCALES Y CARBUROS
A51: CODO SANITARIO TIPO PESADO 4" | B51: UN | D51: =16500*1.1 -> 18150 | F51: FERROCALES Y CARBUROS
A52: YEE DE 4" | B52: UN | D52: =29100*1.1 -> 32010 | F52: FERROCALES Y CARBUROS
A53: ESTACA DE MADERA | B53: UN | D53: 500
A54: PUNTILLA CON CABEZA 2 | B54: lb | D54: 3080 | F54: FERROCALES Y CARBUROS
A55: EQUIPO DE TOPOGRAFIA | B55: MES | D55: 3000000 | F55: INVIAS
A56: CADENERO 1 | B56: MES | D56: 1250000 | E56: =D56/30 -> 41666.667 | F56: INVIAS
A57: CADENERO 2 | B57: MES | D57: 1057000 | E57: =D57/30 -> 35233.333 | F57: INVIAS
A58: TOPOGRAFO | B58: MES | D58: 2300000 | E58: =D58/30 -> 76666.667 | F58: INVIAS
A59: MOTONIVELADORA CAT 12-F | B59: h | D59: 169400 | F59: INVIAS
A60: VOLQUETA 6 M3 | B60: vj | D60: 120000 | F60: INVIAS
A61: CARGADOR FRONTAL | B61: d | D61: 135300 | F61: INVIAS
A62: TRANSPORTE MOTONIVELADORA | B62: h | D62: 1056000 | F62: INVIAS
A63: TELA VERDE | B63: M2 | D63: 2750 | F63: FERROCALES Y CARBUROS | G63: =22100/20 -> 1105
A64: PUNTILLA CON CABEZA 2 | B64: lb | D64: 3090 | F64: FERROCALES Y CARBUROS
A65: ALGARROBILLO 4X2" | B65: UN | D65: 18000 | F65: MADERAS DEL CESAR
A66: MATERIALES VARIOS | B66: M2 | D66: 4250 | F66: MADERAS DEL CESAR
A67: TORRECILLA METALICA | B67: UN | D67: =45000*1.25 -> 56250 | F67: FERROCALES Y CARBUROS
A68: VALLAS METALICAS CAL 20 | B68: M2 | D68: =280000*1.1 -> 308000 | F68: FERROCALES Y CARBUROS
A69: VOLQUETA 6M3 | B69: VJ | D69: 120000 | F69: FERROCALES Y CARBUROS
A70: REPISA ORDINARIO 3 M | B70: m | D70: =3300*1.15 -> 3795 | F70: FERROCALES Y CARBUROS
A71: TABLA BURDA ORDINARIO 0.30 | B71: m | D71: =3800*1.15 -> 4370 | F71: FERROCALES Y CARBUROS
A72: VIBRADOR CON OPERADOR | B72: d | D72: =104400*1.1 -> 114840 | F72: FERROCALES Y CARBUROS
A73: SEGUETA NICHOLSON | B73: UN | D73: =17000*1.1 -> 18700 | F73: FERROCALES Y CARBUROS
A74: VIBROCOMPACTADOR TIPO RANA | B74: d | D74: =50000*1.2 -> 60000 | F74: FERROCALES Y CARBUROS
A75: COMPACTADOR TIPO RANA O CANGURO | B75: DIA | D75: 116000
A76: ANDAMIO TUBULAR | B76: d | D76: 1095 | F76: FERROCALES Y CARBUROS
A77: CEMENTO BLANCO | B77: kg | D77: 1574 | F77: FERROCALES Y CARBUROS
A78: CERÁMICA CORONA EGEO | B78: M2 | D78: 23870 | F78: FERROCALES Y CARBUROS
A79: PEGACOR BLANCO | B79: kg | D79: 2932 | F79: FERROCALES Y CARBUROS
A80: LAMINA ONDULADA ASBESTO CEMENTO No. 6 | B80: UN | D80: 27000 | F80: FERROCALES Y CARBUROS
A81: LAMINA ONDULADA ASBESTO CEMENTO No. 8 | B81: UN | D81: 33360 | F81: FERROCALES Y CARBUROS
A82: GANCHOS | B82: UN | D82: 400 | F82: FERROCALES Y CARBUROS
A83: AMARRES | B83: UN | D83: 380 | F83: FERROCALES Y CARBUROS
A84: YEE SANITARIA PVC REDUCIDA 4 X 2 | B84: UN | D84: =31000*1.15 -> 35650 | F84: FERROCALES Y CARBUROS
A85: TUBO PVC SANITARIO 4 | B85: ML | D85: =D90 -> 21500 | F85: FERROCALES Y CARBUROS
A86: CODO 90° 1/4 CXC SANITARIO 4 | B86: UN | D86: =17650*1.1 -> 19415 | F86: FERROCALES Y CARBUROS
A87: CODO 45° 1/4 CXC SANITARIO 2 | B87: UN | D87: =4290*1.1 -> 4719 | F87: FERROCALES Y CARBUROS
A88: TUBO PVC SANITARIO 2 | B88: ML | D88: =D40 -> 13258 | F88: FERROCALES Y CARBUROS
A89: YEE SANITARIA 2 | B89: UN | D89: =8250*1.1 -> 9075 | F89: FERROCALES Y CARBUROS
A90: TUBO PVC SANITARIO 4 | B90: m | D90: =D39 -> 21500 | F90: FERROCALES Y CARBUROS
A91: CODO SANITARIO PVC CXC DE 45° DE 4 | B91: UN | D91: =D51 -> 18150 | F91: FERROCALES Y CARBUROS
A92: UNIÓN PVC SANITARIA 4 | B92: UN | D92: =D50 -> 9152 | F92: FERROCALES Y CARBUROS
A93: TEE SANITARIA PVC 2" | B93: UN | D93: =7300*1.1 -> 8030 | F93: FERROCALES Y CARBUROS
A94: TEE SANITARIA PVC 4" | B94: UN | D94: =19000*1.1 -> 20900 | F94: FERROCALES Y CARBUROS
A95: CODO SANITARIO 90 PVC 2" | B95: UN | D95: =4450*1.1 -> 4895 | F95: FERROCALES Y CARBUROS
A96: TUBO PVC SANITARIO 2 | B96: ML | D96: =D88 -> 13258 | F96: FERROCALES Y CARBUROS
A97: SIFON SANITARIO PVC 2" | B97: UN | D97: =6000*1.1 -> 6600 | E97: ok | F97: FERROCALES Y CARBUROS
A98: UNIÓN PVC SANIT 2 | B98: UN | D98: =2600*1.1 -> 2860 | F98: FERROCALES Y CARBUROS
A99: SIFON SANITARIO PVC 4" | B99: UN | D99: =26000*1.1 -> 28600 | F99: FERROCALES Y CARBUROS
A100: TUBO PRESIÓN /21 PVC 1/2 | B100: ML | D100: =(18400/6)*1.1 -> 3373.3333 | F100: FERROCALES Y CARBUROS
A101: CODO 90° PRESIÓN PVC 1/2 | B101: UN | D101: =690*1.1 -> 759 | F101: FERROCALES Y CARBUROS
A102: UNIÓN PRESIÓN PVC 1/2 | B102: UN | D102: =696*1.1 -> 765.6 | F102: FERROCALES Y CARBUROS
...
